 Dungeon Sprint DCSS version 0.28.0-43-g3370ac3207 (webtiles) character file.

Game seed: 5306069164954641447

116 cbfl8 the Chopper (level 4, -1/48 HPs)
             Began as a Minotaur Berserker on Mar 1, 2022.
             Was a Believer of Trog.
             Killed from afar by an oklob sapling priest (19 damage)
             ... with a splash of acid
             ... in the Dungeon (Sprint IV: "Fedhas' Mad Dash").
             The game lasted 00:01:18 (2338 turns).

cbfl8 the Chopper (Minotaur Berserker)              Turns: 2338, Time: 00:01:18

Health: -1/48      AC: -1    Str: 24    XL:     4   Next: 69%
Magic:  3/3        EV: 12    Int:  4    God:    Trog [**....]
Gold:   75         SH:  0    Dex:  9    Spells: 3/3 levels left

rFire   + . .      SeeInvis .   a - +0 hand axe
rCold   x . .      Faith    .   (no shield)
rNeg    . . .      Spirit   .   b - +0 animal skin
rPois   .          Reflect  .   (helmet restricted)
rElec   .          Harm     .   (no cloak)
rCorr   .          Rampage  .   (no gloves)
Will    .....      NoTele   +   (no boots)
Stlth   +.........              k - amulet of invisibility {+Inv}
HPRegen 0.16/turn               j - ring of fire
MPRegen 0.08/turn               (no ring)

@: corroded
A: horns 2, retaliatory headbutt
a: Renounce Religion, Evoke Invisibility, Berserk, Trog's Hand


You were in the Dungeon.
You worshipped Trog.
Trog was pleased with you.
You visited 1 branch You collected 75 gold pieces.

Inventory:

Hand Weapons
 a - a +0 hand axe (weapon)
Missiles
 l - 18 sling bullets
Armour
 b - a +0 animal skin (worn)
Jewellery
 j - a ring of fire (left hand)
 k - the amulet of invisibility (around neck) {+Inv}
   (You found it in the Dungeon)

   [amulet of nothing]

   +Inv:      It lets you turn invisible.
Scrolls
 h - a scroll of blinking
 i - a scroll of magic mapping {unknown}
Potions
 c - a potion of curing
 d - a potion of heal wounds
 e - a potion of haste
 f - 2 potions of magic
 g - a potion of berserk rage


   Skills:
 + Level 7.7 Fighting
 + Level 7.8 Axes
 + Level 4.0 Armour
 + Level 4.2 Dodging
 + Level 1.2 Stealth


You had 3 spell levels left.
You didn't know any spells.
Your spell library was empty.

Dungeon Overview and Level Annotations

Branches:
Dungeon (1/1)

Altars:
Cheibriados
Dithmenos
Gozag
Hepliaklqana
Kikubaaqudgha
Makhleb
Nemelex Xobeh
Okawaru
Ru
Sif Muna
Trog
Uskayaw
Wu Jian
Xom
Yredelemnul
Zin
Beogh
Jiyva

Annotations:
D exclusion: oklob sapling


Innate Abilities, Weirdness & Mutations

You have a pair of horns on your head.
You reflexively headbutt those who attack you in melee.


Message History

There is an open door here.
You start resting.
HP restored.
You start waiting.
Done waiting.
You start waiting.
Done waiting.
You open the door.
An oklob sapling comes into view.
Marking area around an oklob sapling as unsafe for travelling.
Found 28 gold pieces.
There is an open door here.
You hit the oklob sapling.
You headbutt the oklob sapling, but do no damage.
The oklob sapling is moderately damaged.
You hit the oklob sapling.
You destroy the oklob sapling!
Trog accepts your kill.
Your Armour skill increases to level 4!
Your Dodging skill increases to level 4!
You start waiting.
Done waiting.
You now have 57 gold pieces (gained 10).
You now have 75 gold pieces (gained 18).
You open the door.
There is an open door here.
There is an open door here.
Really walk into a travel-excluded area?
The oklob sapling priest looks encouraged for a moment.
There is an open door here.
Found three altars.
The oklob sapling priest casts a cantrip, but nothing happens.
Found two altars.
The oklob sapling priest spits acid at you.
The splash of acid hits you!!
Ouch! That really hurt!
The acid corrodes you!
The oklob sapling priest spits acid at you.
The splash of acid hits you!!
You die...

#########################
...#.....#.....#.⌠._._._.
...'.....'.#...'@._._._._
...#.....#.#...#..._._P_.
#############'##.._._._._
.......'...#._._._._.
.♣.....#...##########
♣..♣..###### # ###


You could see an oklob sapling priest.

Vanquished Creatures
  A scorpion (D)
  2 oklob saplings (D)
  A river rat (D)
  A rat (D)
5 creatures vanquished.

Vanquished Creatures (others)
  7 fungi (D)
7 creatures vanquished.

Grand Total: 12 creatures vanquished

Notes
Turn   | Place    | Note
-------+----------+-------------------------------------------
     0 | D        | cbfl8 the Minotaur Berserker began the quest for the Orb.
     0 | D        | Reached XP level 1. HP: 19/19 MP: 0/0
    22 | D        | Reached XP level 2. HP: 28/28 MP: 1/1
   851 | D        | Noticed an oklob sapling
  1320 | D        | Killed an oklob sapling
  1321 | D        | Reached skill level 5 in Fighting
  1321 | D        | Reached skill level 5 in Axes
  1321 | D        | Reached XP level 3. HP: 37/37 MP: 2/2
  1522 | D        | Noticed a scorpion
  1522 | D        | Found the amulet of invisibility {+Inv}
  1531 | D        | Killed a scorpion
  1531 | D        | Reached ** piety under Trog
  1532 | D        | Reached skill level 1 in Stealth
  1532 | D        | Reached XP level 4. HP: 6/47 MP: 3/3
  1933 | D        | Found an opulent altar of Gozag.
  1933 | D        | Found a hazy altar of Hepliaklqana.
  1933 | D        | Found a burning altar of Makhleb.
  1933 | D        | Found a sparkling altar of Nemelex Xobeh.
  1933 | D        | Found a snail-covered altar of Cheibriados.
  1933 | D        | Found a sacrificial altar of Ru.
  1933 | D        | Found a shimmering blue altar of Sif Muna.
  1933 | D        | Found a shimmering altar of Xom.
  1933 | D        | Found a basalt altar of Yredelemnul.
  1934 | D        | Found a viscous altar of Jiyva.
  1934 | D        | Found a bloodstained altar of Trog.
  1934 | D        | Found an ornate altar of the Wu Jian Council.
  2336 | D        | Found an iron altar of Okawaru.
  2336 | D        | Found a shadowy altar of Dithmenos.
  2336 | D        | Found a glowing silver altar of Zin.
  2337 | D        | Found an ancient bone altar of Kikubaaqudgha.
  2337 | D        | Found a hide-covered altar of Uskayaw.
  2338 | D        | Killed from afar by an oklob sapling priest

Illustrated notes

Levels and vault maps discovered:
D:        dungeon_sprint_fedhas [sprint_temple]

Skill      XL: |  1  2  3  4 |
---------------+-------------+-----
Fighting       | 4 5 7 |  7.7
Axes           | 4 5 7 |  7.8
Armour         | 3 4 |  4.0
Dodging        | 3 4 |  4.2
Stealth        | 1 |  1.2

Action                   |  1- 3 |  4- 6 || total
-------------------------+-------+-------++-------
Melee: Hand axe          |    18 |     2 ||    20
       Headbutt          |     2 |     1 ||     3
Invok: Berserk           |     1 |       ||     1
Dodge: Dodged            |     6 |       ||     6
